 Dungeon Crawl Stone Soup version 0.30-a0-900-g23479c02f2 (webtiles) character file.

Game seed: 7360692165163585199

207 NotreDorf the Magician (level 5, 0/39 HPs)
             Began as a Mummy Venom Mage on Mar 18, 2023.
             Slain by an orc
             ... wielding a +0 dagger
              (2 damage)
             ... on level 4 of the Dungeon.
             The game lasted 00:13:01 (3342 turns).

NotreDorf the Magician (Mummy Venom Mage)           Turns: 3342, Time: 00:13:02

Health: 0/39       AC:  2    Str: 11    XL:     5   Next: 54%
Magic:  4/11       EV: 12    Int: 16    God:
Gold:   176        SH:  0    Dex: 13    Spells: 2/12 levels left

rFire   x . .      SeeInvis .    f - staff of air
rCold   + . .      Faith    +    (no shield)
rNeg    + + +      Spirit   .    a - +0 robe
rPois   ∞          Reflect  .    (no helmet)
rElec   +          Rampage  .    (no cloak)
rCorr   .                        (no gloves)
Will    .....                    (no boots)
Stlth   ++                       (no amulet)
HPRegen 0.26/turn                (no ring)
MPRegen 0.12/turn                (no ring)

@: no status effects
A: cold resistance 1, negative energy resistance 3, torment resistance 2, heat
vulnerability 1, in touch with death 1, no potions, faith
a: no special abilities


You were on level 4 of the Dungeon.
You visited 1 branch of the dungeon, and saw 4 of its levels.

You collected 176 gold pieces.

Inventory:

Hand Weapons
 d - a +1 dagger of speed
Missiles
 h - 6 poisoned darts (quivered)
Armour
 a - a +0 robe (worn)
Magical Staves
 f - a staff of air (weapon)
 k - a staff of conjuration
Jewellery
 b - a ring of protection from cold
 p - a ring of wizardry
Wands
 i - a wand of flame (22)
 l - a wand of roots (14)
Scrolls
 c - a scroll of acquirement {unknown}
 e - a scroll of enchant weapon {unknown}
 g - 6 scrolls of identify {unknown}
 j - a scroll of poison {unknown}
 m - a scroll of brand weapon {unknown}
 n - 3 scrolls of teleportation {unknown}
 o - a scroll of noise {unknown}


   Skills:
 + Level 2.4 Fighting
 + Level 2.7 Dodging
 - Level 1.5 Stealth
 + Level 4.2 Spellcasting
 - Level 0.7 Transmutations
 + Level 3.3 Poison Magic


You had 2 spell levels left.
You knew the following spells:

 Your Spells              Type           Power      Damage    Failure   Level
a - Sting                 Tmut/Pois      36%        1d4       7%          1
b - Poisonous Vapours     Pois/Air       26%        N/A       13%         2
c - Mephitic Cloud        Conj/Pois/Air  10%        N/A       30%         3
d - Olgreb's Toxic Radia  Pois           14%        N/A       38%         4

Your spell library contained the following spells:

 Spells                   Type           Power      Damage    Failure   Level
 Apportation              Tloc           6%         N/A       17%         1
 Necrotise                Necr           20%        1d5       17%         1
 Sandblast                Erth           6%         2d5       17%         1
 Summon Small Mammal      Summ           12%        N/A       17%         1
 Passwall                 Tmut/Erth      3%         N/A       22%         2
 Call Canine Familiar     Summ           3%         N/A       45%         3
 Stone Arrow              Conj/Erth      6%         3d7       45%         3
 Summon Guardian Golem    Hex/Summ       3%         N/A       45%         3
 Yara's Violent Unravell  Hex/Tmut       2%         3d3       99%         5
 Enfeeble                 Hex            1%         N/A       100%        7
 Ozocubu's Refrigeration  Ice            1%         4d7       100%        7
 Ignition                 Fire           1%         3d3       100%        8


Dungeon Overview and Level Annotations

Branches:
Dungeon (4/15)
 Temple: D:4-7

Altars:


Innate Abilities, Weirdness & Mutations

You are immune to poison.
Your flesh is cold resistant. (rC+)
You are immune to negative energy. (rN+++)
You are immune to unholy pain and torment.
You are vulnerable to heat. (rF-)
You are in touch with the powers of death.
You do not drink.
You have a special connection with the divine. (Faith)


Message History

You miss something. Something hits you.
You miss something. Something hits you.
Casting: Poisonous Vapours (safe; 13% risk of failure)
Confirm with . or Enter, or press ? or * to list all spells.
Aiming: Poisonous Vapours (safe; 13% risk of failure)
Press: ? - help, Dir - move target, p - orc wizard You feel a surge of power!
Poisonous vapours surround something!
You hear some strange, mumbled words.
A magic dart appears from out of thin air!
The magic dart hits you!
You completely miss something. Something hits you but does no damage.
You barely miss something. Something hits you.
The orc wizard gestures at you while chanting.
The magic dart hits something.
Reactivating autopickup.
You feel a bit more experienced.
The orc closely misses you. x2; The orc wizard barely misses you.
The orc hits you with a +0 dagger.
Things that are here:
a +0 dagger; a +0 robe You closely miss the orc wizard.
The orc wizard is almost dead.
You kill the orc wizard!
The orc barely misses you. The orc hits you with a +0 dagger.
The orc closely misses you. The orc hits you with a +0 dagger.
The orc completely misses you. The orc closely misses you.
You hit the orc.
The orc is moderately wounded.
The orc hits you with a +0 dagger. The orc misses you.
The orc closely misses you.
You barely miss the orc.
The orc is moderately wounded.
The orc closely misses you. The orc hits you with a +0 flail!
* * * LOW HITPOINT WARNING * * *
The orc hits you with a +0 dagger.
* * * LOW HITPOINT WARNING * * *
You hit the orc.
The orc is severely wounded.
The orc hits you with a +0 dagger.
You die...

..!.....#...#..###.###..#
.......................##
....................)###
........##<..........#
.......###...........#
......####...........#
....## ..........<..#
.... ............## .#
..##>..#@..## ##
###oo#### #...o...#
...........# ####.......#
#.......# #.......#
#.......# #.......#


You could see 3 orcs.

Vanquished Creatures
  An orc wizard (D:4)
  10 adders
  A worm (D:2)
  2 dart slugs (D:1)
  An orc (D:3)
  4 ball pythons
  7 endoplasms
  A giant cockroach (D:3)
  9 hobgoblins
  6 jackals (D:2)
  5 quokkas
  6 bats
  4 frilled lizards
  3 goblins
  4 kobolds
  6 rats
70 creatures vanquished.

Vanquished Creatures (others)
  An orc wizard (D:4)
1 creature vanquished.

Grand Total: 71 creatures vanquished

Notes
Turn   | Place    | Note
-------+----------+-------------------------------------------
     0 | D:1      | NotreDorf the Mummy Venom Mage began the quest for the Orb.
     0 | D:1      | Reached XP level 1. HP: 13/13 MP: 4/4
   258 | D:1      | Reached XP level 2. HP: 13/20 MP: 2/5
   323 | D:1      | Reached skill level 3 in Spellcasting
   734 | D:1      | Reached skill level 1 in Fighting
   860 | D:1      | Learned a level 2 spell: Poisonous Vapours
  1010 | D:2      | Gained mutation: You are in touch with the powers of death.
                  | [Mummy growth]
  1010 | D:2      | Reached XP level 3. HP: 23/26 MP: 0/7
  1420 | D:2      | Reached XP level 4. HP: 30/32 MP: 1/9
  1552 | D:2      | Learned a level 3 spell: Mephitic Cloud
  3020 | D:4      | Learned a level 4 spell: Olgreb's Toxic Radiance
  3030 | D:4      | Reached XP level 5. HP: 38/38 MP: 0/10
  3124 | D:4      | Reached skill level 4 in Spellcasting
  3340 | D:4      | HP: 1/39 [orc/+0 dagger (1)]
  3342 | D:4      | Slain by an orc

Illustrated notes

Levels and vault maps discovered:
D:1:      tarquinn_simple_flora_water_b, layout_loops_ring
D:2:      layout_basic, wander_ebering_terrifying_dragon_lair
D:3:      layout_loops_ring
D:4:      layout_rooms, minmay_box_of_dots

Skill      XL: |  1  2  3  4  5 |
---------------+----------------+-----
Spellcasting   | 3 4 |  4.2
Fighting       | 1 2 |  2.4
Dodging        | 2 |  2.7
Poison Magic   | 3 |  3.3
Stealth        | |  1.5
Transmutations | |  0.7

Action                     |  1- 3 |  4- 6 || total
---------------------------+-------+-------++-------
  Melee: Short sword       |     4 |       ||     4
         Unarmed           |     1 |       ||     1
         Dagger            |    16 |       ||    16
         Staff             |    46 |    65 ||   111
         Punch             |     1 |       ||     1
  Throw: Dart              |       |     1 ||     1
   Cast: Sting             |    57 |    35 ||    92
         Poisonous Vapours |       |    28 ||    28
 Armour: Robe              |    19 |    15 ||    34
  Dodge: Dodged            |    89 |    51 ||   140

Table legend: (Time is in decaauts)
 A = Elapsed time spent in this place.
 B = Non-inter-level travel time spent in this place.
 C = Inter-level travel time spent in this place.
 D = Time resting spent in this place.
 E = Time spent auto-exploring this place.
 F = Levels seen in this place.
 G = Mean time per level.
                   A        B        C        D        E       F      G
               +--------+--------+--------+--------+--------+-----+--------+
         Total |   3356 |   3279 |     77 |    721 |   1874 |   4 |  839.0 |
       Dungeon |   3356 |   3279 |     77 |    721 |   1874 |   4 |  839.0 |
               +--------+--------+--------+--------+--------+-----+--------+

Top non-repeatable levels by time:
     D:3: 1108 daAuts
     D:1: 991 daAuts
     D:2: 924 daAuts
     D:4: 332 daAuts
